 Dungeon Crawl Stone Soup version 0.31-a0-1071-gaead2f62b1 (webtiles) character file.

Game seed: 8863026719124492784

399 Moonkey the Conjurer (level 6, -5/31 (35) HPs)
             Began as a Deep Elf Conjurer on Nov 26, 2023.
             Slain by Duvessa
             ... wielding a +1 short sword of draining
              (15 damage)
             ... on level 4 of the Dungeon.
             The game lasted 00:15:00 (4336 turns).

Moonkey the Conjurer (Deep Elf Conjurer)            Turns: 4336, Time: 00:15:00

HP:   -5/31 (35)    AC:  2    Str: 10    XL:     6   Next: 54%
MP:   11/16         EV: 13    Int: 25    God:
Gold: 169           SH:  0    Dex: 13    Spells: 8/15 levels left

rFire   + . .        (no weapon)
rCold   x . .        (no shield)
rNeg    . . .        a - +0 robe
rPois   .            (no helmet)
rElec   .            (no cloak)
rCorr   .            (no gloves)
SInv    .            (no boots)
Will    .....        (no amulet)
Stlth   ++           n - +6 ring of strength
HPRegen 0.25/turn    y - ring of fire
MPRegen 0.15/turn

%: no passive effects
@: heavily drained
A: no striking features
a: no special abilities


You were on level 4 of the Dungeon.
You visited 1 branch of the dungeon, and saw 4 of its levels.
You also visited: Ossuary.

You collected 169 gold pieces.

Inventory:

Missiles
 t - 5 poisoned darts
Armour
 a - a +0 robe (worn)
Jewellery
 n - a +6 ring of strength (left hand)
 u - a ring of protection from cold
 y - a ring of fire (right hand)
Talismans
 r - a granite talisman
 v - a flux talisman
Wands
 w - a wand of acid (9)
 B - a wand of flame (13)
Scrolls
 c - a scroll of silence
 f - a scroll of enchant armour {unknown}
 g - 2 scrolls of revelation {unknown}
 h - a scroll of torment {unknown}
 i - 2 scrolls of teleportation {unknown}
 j - a scroll of immolation {unknown}
 m - a scroll of poison {unknown}
 p - a scroll of fear {unknown}
 C - 3 scrolls of noise {unknown}
Potions
 b - a potion of magic
 e - 3 potions of curing
 k - 4 potions of brilliance
 l - a potion of berserk rage {unknown}
 o - 4 potions of haste
 q - 3 potions of might
 s - 2 potions of heal wounds {unknown}
 x - a potion of attraction {unknown}
 z - a potion of degeneration {unknown}
 A - a potion of invisibility {unknown}


   Skills:
 + Level 1.8 Fighting
 + Level 4.0 Dodging
 + Level 3.9 Stealth
 * Level 5.4 Spellcasting
 * Level 5.8 Conjurations
 + Level 0.8 Translocations


You had 8 spell levels left.
You knew the following spells:

 Your Spells              Type           Power      Damage    Failure   Level
a - Magic Dart            Conj           100%       1d8       1%          1
b - Searing Ray           Conj           72%        2d7       1%          2
c - Iskenderun's Mystic   Conj/Tloc      23%        2d6       21%         4

Your spell library contained the following spells:

 Spells                   Type           Power      Damage    Failure   Level
 Dazzling Flash           Conj/Hex       42%        N/A       7%          3
 Hailstorm                Conj/Ice       21%        3d6       7%          3
 Sublimation of Blood     Necr           6%         N/A       12%         2
 Wereblood                Tmut           6%         N/A       12%         2
 Fulminant Prism          Conj/Hex       10%        3d9       24%         4
 Summon Ice Beast         Ice/Summ       6%         N/A       61%         4
 Agony                    Necr           6%         N/A       91%         5
 Silence                  Hex/Air        3%         N/A       91%         5
 Simulacrum               Ice/Necr       3%         N/A       100%        6
 Summon Hydra             Summ           3%         N/A       100%        7


Dungeon Overview and Level Annotations

Branches:
Dungeon (4/15)            Ossuary (visited)
 Temple: D:4-7

Altars:
Uskayaw

Shops:
D:4 (

Annotations:
D:2 Sigmund
D:4 2 transporters, Duvessa, Menkaure


Message History

The gnoll shouts!
The gnoll sergeant shouts!
You hear a shout!
The gnoll shouts!
Duvessa goes berserk!
Casting: Searing Ray (safe; 1% risk of failure)
Confirm with . or Enter, or press ? or * to list all spells.
Aiming: Magic Dart (safe; 1% risk of failure)
Press: ? - help, Shift-Dir - straight line, f - Duvessa
Aim: Duvessa, wielding a +1 short sword of draining and wearing a +3 leather armour of cold resistance (berserk, 100% to hit)
The magic dart hits Duvessa.
Duvessa is lightly wounded.
Casting: Magic Dart (safe; 1% risk of failure)
Confirm with . or Enter, or press ? or * to list all spells.
Aiming: Searing Ray (safe; 1% risk of failure)
Press: ? - help, Shift-Dir - straight line, f/p - Duvessa
Aim: Duvessa, wielding a +1 short sword of draining and wearing a +3 leather armour of cold resistance (lightly wounded, berserk, 83% to hit)
The searing ray hits Duvessa.
Duvessa is lightly wounded. (Press . to maintain the ray.)
The searing ray hits Duvessa.
Duvessa is lightly wounded.
The searing ray hits Duvessa.
Duvessa is lightly wounded.
Duvessa hits you with a +1 short sword of draining.
You feel drained.
Duvessa hits you with a +1 short sword of draining.
You feel drained.
The searing ray misses Duvessa.
You finish channelling your searing ray.
Duvessa hits you with a +1 short sword of draining!!
Ouch! That really hurt!
You feel drained.
* * * LOW HITPOINT WARNING * * *
Blink to where?
Press: ? - help, Dir - move target, p - Duvessa
As you read the scroll of blinking, it crumbles to dust.
Duvessa rages.
Duvessa attacks as she pursues you!
Duvessa hits you with a +1 short sword of draining!
You die...

.#.#.#.##..........###.#######...
.#...#..#.......(......#.......##
.....##^............##...##'##.##
###.######.....###..### #...#.#
#...#####........### #...#.#
###................# #...#.#
#######.....####. #####..
########........e# ...
......#..##.###.@### ..
......#.###.# ##..<# ........#
#.# #.#.#### ......### #.#
#......# .......####.# ########
.......)....####################
......###......................##
......# #.####################...
####### #.# ####


You could see Duvessa (berserk).

Vanquished Creatures
  2 water moccasin zombies (Ossuary)
  Dowan (D:4)
  2 hounds (D:4)
  Ijyb (D:4)
  2 mummies (Ossuary)
  4 adders
  5 adder zombies (Ossuary)
  A worm (D:2)
  An orc (D:3)
  6 ball pythons
  5 endoplasms
  4 giant cockroaches
  5 gnoll zombies (Ossuary)
  8 hobgoblins
  4 jackals (D:2)
  4 kobolds
  4 quokkas (D:2)
  6 bats
  4 frilled lizards
  3 goblins
  6 hobgoblin zombies (Ossuary)
  8 kobold zombies (Ossuary)
  5 orc zombies (Ossuary)
  3 rats
94 creatures vanquished.

Notes
Turn   | Place    | Note
-------+----------+-------------------------------------------
     0 | D:1      | Moonkey the Deep Elf Conjurer began the quest for the Orb.
     0 | D:1      | Reached XP level 1. HP: 10/10 MP: 6/6
   142 | D:1      | Reached XP level 2. HP: 15/15 MP: 1/8
   873 | D:2      | Reached XP level 3. HP: 20/20 MP: 6/10
   999 | D:2      | Learned a level 2 spell: Searing Ray
  1069 | D:2      | Noticed Sigmund
  1322 | D:2      | Found a faded altar of an unknown god.
  1549 | D:2      | You fall into a shaft and drop 2 floors!
  1638 | D:4      | Found Nubeho's Antique Weapon Emporium.
  1644 | D:4      | Found a sand-covered staircase.
  1652 | Ossuary  | Entered an ossuary
  1708 | Ossuary  | Reached XP level 4. HP: 24/24 MP: 3/12
  1812 | Ossuary  | Reached skill level 1 in Fighting
  1812 | Ossuary  | Reached skill level 5 in Conjurations
  1987 | Ossuary  | Reached XP level 5. HP: 29/29 MP: 4/13
  2845 | D:3      | Reached skill level 5 in Spellcasting
  2883 | D:3      | Learned a level 4 spell: Iskenderun's Mystic Blast
  3229 | D:2      | Found a hide-covered altar of Uskayaw.
  3651 | D:4      | Noticed Menkaure
  3777 | D:4      | Reached XP level 6. HP: 30/35 MP: 7/15
  3840 | D:4      | Found a transporter.
  3841 | D:4      | Found a transporter.
  4093 | D:4      | Noticed Duvessa
  4093 | D:4      | Noticed Dowan
  4108 | D:4      | Killed Dowan
  4200 | D:4      | Noticed Ijyb
  4211 | D:4      | Killed Ijyb
  4336 | D:4      | Slain by Duvessa

Illustrated notes

Levels and vault maps discovered:
D:1:      nicolae_arrival_washed_ashore, layout_rooms
D:2:      layout_basic, basic_altar, shapermc_ecumenical_altar_ellora,
          uniq_sigmund
D:3:      layout_rooms, minmay_circle_x
D:4:      layout_rooms, serial_shops, nicolae_shop_tiny_glass,
          gammafunk_ghost_gnarly_gnolls, enter_ossuary_2, uniq_duvessa,
          uniq_ijyb, uniq_menkaure

Skill      XL: |  1  2  3  4  5  6 |
---------------+-------------------+-----
Dodging        | 3 4 |  4.0
Spellcasting   | 4 5 |  5.4
Stealth        | 3 |  3.9
Fighting       | 1 |  1.8
Conjurations   | 5 |  5.8
Translocations | |  0.8

Action                     |  1- 3 |  4- 6 || total
---------------------------+-------+-------++-------
   Cast: Magic Dart        |    74 |    47 ||   121
         Searing Ray       |     4 |    22 ||    26
    Use: Scroll            |     3 |     4 ||     7
 Armour: Robe              |     7 |    20 ||    27
  Dodge: Dodged            |     4 |    17 ||    21

Table legend: (Time is in decaauts)
 A = Elapsed time spent in this place.
 B = Non-inter-level travel time spent in this place.
 C = Inter-level travel time spent in this place.
 D = Time resting spent in this place.
 E = Time spent auto-exploring this place.
 F = Levels seen in this place.
 G = Mean time per level.
                   A        B        C        D        E       F      G
               +--------+--------+--------+--------+--------+-----+--------+
         Total |   4337 |   4122 |    215 |   1318 |   2166 |   5 |  867.4 |
       Dungeon |   3684 |   3469 |    215 |    852 |   2104 |   4 |  921.0 |
       Ossuary |    652 |    652 |      0 |    466 |     62 |   1 |  652.0 |
               +--------+--------+--------+--------+--------+-----+--------+

Top non-repeatable levels by time:
     D:2: 1194 daAuts
     D:1: 894 daAuts
     D:3: 869 daAuts
     D:4: 726 daAuts
 Ossuary: 652 daAuts
